 Dungeon Crawl Stone Soup version 0.23.1-37-gaa34b87 (webtiles) character file.

Game seed: 4891953573417547111

2274 gohu the Arsonist (level 9, -5/45 HPs)
             Began as a Deep Elf Fire Elementalist on Mar 26, 2019.
             Was an Initiate of Vehumet.
             Killed from afar by an orc wizard (12 damage)
             ... with a puff of flame
             ... on level 8 of the Dungeon.
             The game lasted 00:36:22 (7256 turns).

gohu the Arsonist (Deep Elf Fire Elementalist)      Turns: 7256, Time: 00:36:23

Health: -5/45      AC:  4    Str:  5    XL:     9   Next: 16%
Magic:  27/32      EV: 13    Int: 24    God:    Vehumet [......]
Gold:   366        SH:  0    Dex: 15    Spells: 17/25 levels left

rFire    . . .     SeeInvis .   s - staff of conjuration
rCold    . . .     Gourm    .   (no shield)
rNeg     . . .     Faith    .   a - +0 robe
rPois    .         Spirit   .   i - +0 helmet
rElec    .         Reflect  .   b - +0 cloak
rCorr    .         Harm     .   (no gloves)
MR       .....                  (no boots)
Stlth    ++........             (no amulet)
HPRegen  0.15/turn              d - ring of magical power
MPRegen  0.23/turn              (no ring)

@: no status effects
A: no striking features
a: Renounce Religion


You were on level 8 of the Dungeon.
You worshipped Vehumet.
Vehumet was noncommittal.
You were hungry.

You visited 2 branches of the dungeon, and saw 9 of its levels.

You collected 366 gold pieces.

Inventory:

Hand Weapons
 g - a +0 short sword
 h - a +0 dagger
 j - a +0 spear
Missiles
 k - 5 poisoned tomahawks (quivered)
Armour
 a - a +0 robe (worn)
 b - a +0 cloak (worn)
 i - a +0 helmet (worn)
Magical Staves
 s - an uncursed staff of conjuration (weapon)
Jewellery
 d - a ring of magical power (left hand)
 x - a +3 ring of evasion
 z - an uncursed ring of fire {unknown}
 B - a cursed ring of protection from cold {unknown}
Wands
 t - a wand of disintegration (8)
 A - a wand of acid (5)
Scrolls
 e - 2 scrolls of blinking {unknown}
 f - 6 scrolls of remove curse
 l - 3 scrolls of identify
 o - a scroll of amnesia {unknown}
 p - 2 scrolls of fog {unknown}
 r - a scroll of enchant weapon {unknown}
 y - 3 scrolls of teleportation {unknown}
 C - a scroll of silence {unknown}
Potions
 m - 2 potions of agility
 n - a potion of lignification {unknown}
 q - 2 potions of curing
 u - a potion of flight {unknown}
 v - 2 potions of brilliance {unknown}
 w - a potion of mutation {unknown}
Comestibles
 c - 13 rations


   Skills:
 - Level 2.4 Dodging
 - Level 2.4 Stealth
 + Level 8.8 Spellcasting
 + Level 5.9 Conjurations
 * Level 10.3 Fire Magic


You had 17 spell levels left.
You knew the following spells:

 Your Spells              Type           Power        Failure   Level  Hunger
a - Flame Tongue          Conj/Fire      #####        1%          1    None
b - Throw Flame           Conj/Fire      ######       1%          2    None
c - Fireball              Conj/Fire      ######....   6%          5    ####...

Your spell library contained the following spells:

 Spells                   Type           Power        Failure   Level  Hunger
 Magic Dart               Conj           ####         1%          1    None
 Conjure Flame            Conj/Fire      ######..     1%          3    None
 Sticky Flame             Conj/Fire      ######..     1%          4    ##.....
 Inner Flame              Hex/Fire       #####...     2%          3    None
 Mephitic Cloud           Conj/Pois/Air  ####....     8%          3    None
 Blink                    Tloc           N/A          9%          2    None
 Call Imp                 Summ           ##......     9%          2    None
 Slow                     Hex            ##......     9%          2    None


Dungeon Overview and Level Annotations

Branches:
Dungeon (8/15)             Temple (1/1) D:6
   Lair: D:8-11

Altars:
Ashenzari
Cheibriados
Dithmenos
Elyvilon
Gozag
Hepliaklqana
Makhleb
Nemelex Xobeh
Okawaru
Qazlal
Ru
Sif Muna
Trog
Uskayaw
Vehumet
Wu Jian
Xom
Yredelemnul
Zin
The Shining One

Shops:
D:7 }

Annotations:
D:8 Psyche


Message History

The orc priest miscasts a cantrip.
The orc warrior hits you from afar with a +0 trident!!
A crimson imp comes into view. It is wielding a +0 whip.
An adder comes into view.
The crimson imp shouts!
You hear a bark!
The crimson imp blinks!
You miss the crimson imp.
The orc wizard hits you with a +0 dagger of freezing.
The orc wizard freezes you. The crimson imp barely misses you.
As you read the scroll labeled TEVIASOFIA, it crumbles to dust.
You feel blessed for a moment.
It was a scroll of remove curse.
The orc wizard gestures at you while chanting.
You easily resist.
The crimson imp hits you with a +0 whip.
The orc warrior hits you from afar with a +0 trident!
* * * LOW HITPOINT WARNING * * *
It was a potion of curing.
You feel better. The orc wizard casts a spell at you.
The puff of flame hits you!
You die...

#### #. #.#
#.# #.# ##.##
#####...#####
......>S5@o.#
####...###o#
##.## #.# #.#
#o# #.#


#.o.ooooz #.# ######### ###.### ########### #.....# #..........
#.##..#######.########. You could see an orc warrior, an orc wizard, a crimson
imp and an adder.

Vanquished Creatures
  A hippogriff (D:7)
  An orc warrior (D:7)
  2 ice beasts
  4 ogres
  2 centaurs
  2 bullfrogs
  A wyvern skeleton (D:6)
  2 scorpions (D:8)
  3 killer bees (D:7)
  3 howler monkeys
  2 bullfrog zombies
  2 centaur zombies
  A crimson imp (D:8)
  4 orc priests
  A jelly (D:5)
  5 orc wizards
  3 worker ants
  A hound skeleton (D:7)
  Robin (D:2)
  4 gnolls (D:6)
  8 adders
  A howler monkey skeleton (D:7)
  An adder skeleton (D:5)
  2 worms
  2 dart slugs
  3 leopard geckos (D:2)
  15 orcs
  8 bats
  6 giant cockroaches
  8 goblins (D:2)
  14 hobgoblins
  10 jackals
  5 kobolds
  2 quokkas
  4 frilled lizards
  A jackal skeleton (D:4)
  A leopard gecko skeleton (D:5)
  9 rats
145 creatures vanquished.

Notes
Turn   | Place    | Note
-------+----------+-------------------------------------------
     0 | D:1      | gohu the Deep Elf Fire Elementalist began the quest for the
                  | Orb.
     0 | D:1      | Reached XP level 1. HP: 10/10 MP: 6/6
   309 | D:1      | Reached XP level 2. HP: 15/15 MP: 5/8
   475 | D:1      | Reached skill level 4 in Fire Magic
   536 | D:1      | Learned a level 2 spell: Throw Flame
   772 | D:1      | Reached XP level 3. HP: 19/19 MP: 8/10
  1345 | D:2      | Noticed a sky beast
  1396 | D:2      | Found a shattered altar of Ashenzari.
  1426 | D:2      | Noticed Robin
  1444 | D:2      | Killed Robin
  1650 | D:2      | Reached XP level 4. HP: 24/24 MP: 4/12
  2107 | D:2      | Found a bloodstained altar of Trog.
  2129 | D:2      | Reached skill level 5 in Fire Magic
  2975 | D:3      | Found a white marble altar of Elyvilon.
  2975 | D:3      | Found a glowing silver altar of Zin.
  2976 | D:3      | Found a glowing golden altar of the Shining One.
  3122 | D:4      | Noticed an ice beast
  3126 | D:4      | Killed an ice beast
  3126 | D:4      | Reached skill level 5 in Spellcasting
  3126 | D:4      | Reached skill level 6 in Fire Magic
  3126 | D:4      | Reached XP level 5. HP: 28/28 MP: 12/14
  3133 | D:4      | Learned a level 5 spell: Fireball
  3147 | D:4      | Found a shadowy altar of Dithmenos.
  3696 | D:5      | Entered Level 5 of the Dungeon
  3723 | D:5      | Reached XP level 6. HP: 32/32 MP: 10/15
  4400 | D:6      | Found a staircase to the Ecumenical Temple.
  4455 | Temple   | Entered the Ecumenical Temple
  4785 | D:6      | Reached skill level 7 in Fire Magic
  4898 | D:6      | Reached XP level 7. HP: 36/36 MP: 18/18
  5109 | D:6      | Found a shimmering altar of Xom.
  5130 | D:6      | Found a radiant altar of Vehumet.
  5250 | D:7      | Reached skill level 8 in Fire Magic
  5252 | D:7      | Noticed a hippogriff
  5258 | D:7      | Killed a hippogriff
  5258 | D:7      | Reached XP level 8. HP: 41/41 MP: 16/20
  6012 | D:7      | Found an ornate altar of the Wu Jian Council.
  6014 | D:7      | Reached skill level 9 in Fire Magic
  6070 | D:7      | Found Fefoipliut's Gadget Emporium.
  6324 | D:7      | Found an iron altar of Okawaru.
  6402 | D:7      | Reached skill level 5 in Conjurations
  6517 | D:6      | Became a worshipper of Vehumet
  6691 | D:6      | Found a sparkling altar of Nemelex Xobeh.
  6901 | D:8      | Noticed Psyche
  6960 | D:8      | Reached skill level 10 in Fire Magic
  6966 | D:8      | Reached XP level 9. HP: 45/45 MP: 23/23
  7144 | D:8      | Found a deep blue altar of Sif Muna.
  7255 | D:8      | HP: 1/45 [orc warrior/+0 trident (15)]
  7256 | D:8      | Killed from afar by an orc wizard

Skill      XL: |  1  2  3  4  5  6  7  8 |
---------------+-------------------------+-----
Fire Magic     | 4 6 7 8 10 | 10.3
Spellcasting   | 4 5 6 7 8 |  8.8
Conjurations   | 2 4 5 |  5.9
Dodging        | |  2.4
Stealth        | |  2.4

Action                   |  1- 3 |  4- 6 |  7- 9 || total
-------------------------+-------+-------+-------++-------
Melee: Unarmed           |     4 |       |       ||     4
       Short sword       |    10 |       |       ||    10
       Spear             |       |     7 |       ||     7
       Staff             |       |     1 |     3 ||     4
 Cast: Flame Tongue      |    67 |    67 |   118 ||   252
       Throw Flame       |     8 |    56 |    43 ||   107
Evoke: Wand              |       |       |     2 ||     2
  Use: Scroll            |       |     2 |     1 ||     3
       Potion            |       |     2 |     1 ||     3
  Eat: Chunk             |     2 |     6 |     4 ||    12
       Ration            |       |     1 |     1 ||     2
Armor: Robe              |    10 |     5 |     8 ||    23
Dodge: Dodged            |    22 |    20 |    23 ||    65
